 Dungeon Crawl Stone Soup version 0.31.0-12-g77e489cdc1 (webtiles) character file.

Game seed: 2706700203206674236

13584 jagang the Fencer (level 12, -2/97 HPs)
             Began as a Human Monk on Mar 5, 2024.
             Was a High Priest of Okawaru.
             Slain by an orc warrior
             ... wielding a +0 broad axe
             ... led by an orc knight
              (14 damage)
             ... on level 9 of the Dungeon.
             The game lasted 00:28:24 (10394 turns).

jagang the Fencer (Human Monk)                     Turns: 10394, Time: 00:28:25

Health: -2/97      AC: 14    Str: 14    XL:     12   Next: 7%
Magic:  15/15      EV:  5    Int: 10    God:    Okawaru [*****.]
Gold:   410        SH:  0    Dex: 19    Spells: 11/11 levels left

rFire   . . .        H - +11 rapier of the Ageless Blessings {flame, SInv}
rCold   . . .        d - orb {light}
rNeg    . . .        D - +0 plate armour
rPois   .            (no helmet)
rElec   .            h - scarf {repulsion}
rCorr   .            f - +0 pair of gloves
SInv    +            (no boots)
Will    .....        (no amulet) Stlth
                     g - ring of see invisible
HPRegen 0.36/turn    (no ring)
MPRegen 0.14/turn

%: repel missiles
@: about to teleport, glowing
A: explore regen
a: Renounce Religion, Heroism, Finesse, Duel


You were on level 9 of the Dungeon.
You worshipped Okawaru.
Okawaru was extremely pleased with you.
You visited 2 branches of the dungeon, and saw 10 of its levels.
You also visited: Ossuary and Bailey.

You collected 635 gold pieces.
You spent 225 gold pieces at shops.

Inventory:

Hand Weapons
 b - a +4 great sword
 e - a +0 long sword
 H - the +11 rapier of the Ageless Blessings (weapon) {flame, SInv}
   (You bought it in a shop on level 6 of the Dungeon)

   SInv:      It lets you see invisible.
 Q - a +0 scimitar
Missiles
 m - 14 poisoned darts
 q - 6 javelins
 B - a throwing net
 C - 27 boomerangs (quivered)
Armour
 d - an orb of light (worn)
 f - a +0 pair of gloves (worn)
 h - a scarf of repulsion (worn)
 D - a +0 plate armour (worn)
 G - the +3 robe of the Skies Above {Rampage rPois Dex+5}
   (You found it on level 5 of the Dungeon)

   Dex+5:     It affects your dexterity (+5).
   rPois:     It protects you from poison Rampage: It bestows one free step when
   moving towards enemies.
Jewellery
 g - a ring of see invisible (left hand)
 M - an amulet of regeneration
Wands
 v - a wand of charming (12)
 P - a wand of quicksilver (4)
Scrolls
 a - a scroll of immolation
 i - a scroll of poison
 k - 3 scrolls of enchant weapon
 l - 4 scrolls of teleportation
 o - 6 scrolls of enchant armour
 u - 4 scrolls of butterflies {unknown}
 w - a scroll of amnesia {unknown}
 x - a scroll of vulnerability {unknown}
 y - 3 scrolls of silence {unknown}
 A - 2 scrolls of brand weapon {unknown}
 J - 2 scrolls of revelation {unknown}
 K - a scroll of fog {unknown}
 O - 2 scrolls of fear {unknown}
Potions
 c - a potion of ambrosia
 j - 4 potions of magic {unknown}
 n - a potion of invisibility {unknown}
 p - 3 potions of heal wounds
 r - 2 potions of resistance {unknown}
 s - 2 potions of degeneration {unknown}
 t - 2 potions of curing {unknown}
 z - 2 potions of brilliance {unknown}
 E - 2 potions of cancellation {unknown}
 F - 2 potions of haste {unknown}
 I - 2 potions of might {unknown}
 N - a potion of enlightenment {unknown}
Miscellaneous
 L - a phantom mirror


   Skills:
 + Level 9.8 Fighting
 * Level 16.5 Long Blades
 - Level 5.3 Throwing
 + Level 7.4 Armour
 - Level 3.0 Dodging
 + Level 5.1 Invocations


You had 11 spell levels left.
You didn't know any spells.
Your spell library contained the following spells:

 Spells                   Type           Power      Damage    Failure   Level
 Ensorcelled Hibernation  Hex/Ice        0%         N/A       100%        2
 Passwall                 Erth           0%         N/A       100%        3
 Swiftness                Air            0%         N/A       100%        3


Dungeon Overview and Level Annotations

Branches:
Dungeon (9/15)             Temple (0/1) D:6            Lair (0/5) D:9
    Orc (1/2) D:9         Ossuary (visited)          Bailey (visited)

Altars:
Dithmenos
Hepliaklqana
Nemelex Xobeh
Okawaru
Ru
Sif Muna
Uskayaw
Vehumet
Wu Jian
Jiyva

Shops:
D:6 (

Annotations:
D:5 1 runed translucent door, seawaffle's ghost, novice TrSh
D:8 3 runed translucent doors, tymior's ghost, journeyman MiFi


Innate Abilities, Weirdness & Mutations

You regain HP and MP as you explore.


Message History

There is a staircase to the Orcish Mines, spattered with blood here.
You can't go up here!
You climb downwards.
Welcome back to the Orcish Mines!
The ogre hits you with a +0 giant spiked club!
The orc warrior hits you with a +2 hand axe of flaming.
The orc warrior burns you.
The orc warrior hits you with a +2 hand axe of flaming.
The orc warrior burns you.
The orc warrior hits you but does no damage.
There is a staircase back to the Dungeon, spattered with blood here.
The ogre hits you with a +0 giant spiked club!!
The orc warrior hits you with a +2 hand axe of flaming.
The orc warrior burns you.
The orc warrior hits you with a +0 broad axe!
The orc knight roars a battlecry!
The orcs go into a battle-frenzy!
The orc warrior barely misses you.
You climb upwards.
Welcome back to the Dungeon!
There is a staircase to the Orcish Mines, spattered with blood here.
Okay, then.
As you read the scroll of teleportation, it crumbles to dust.
You feel strangely unstable.
The ogre hits you with a +0 giant spiked club!!
* * * LOW HITPOINT WARNING * * *
The orc knight hits you with a +0 war axe.
* * * LOW HITPOINT WARNING * * *
The orc warrior hits you with a +0 broad axe.
* * * LOW HITPOINT WARNING * * *
You feel much better.
The orc warrior hits you with a +0 broad axe!
* * * LOW HITPOINT WARNING * * *
The orc knight hits you with a +0 war axe!
* * * LOW HITPOINT WARNING * * *
You puncture the ogre! You burn the ogre.
The ogre is heavily wounded.
The ogre barely misses you.
You puncture the ogre! You burn the ogre.
The ogre is almost dead.
The orc warrior hits you with a +0 broad axe!
You die...

...#.'...........#
...###...........#
...# #...........#
...# ###'#########
#'## #...# #.#
###.### ..# #...#
### #######.#####
..####.........O@#
....##.>.......oo#
..#.............o#
..####...........#
..# #...........#
..# #...........#
### #...........#
## #...........#
.# ######.######


You could see an orc knight, 2 orc warriors and an ogre.

Vanquished Creatures
  An orc warlord (Bailey)
  An orc knight (Bailey)
  Pikel (D:4)
  Maurice (D:9)
  Maggie (D:8)
  A polar bear (D:9)
  A vampire (D:9)
  5 yaks (D:8)
  A steam dragon (D:6)
  An unseen horror simulacrum (D:9)
  2 water moccasins (D:7)
  A sky beast (D:7)
  3 ice beasts
  5 orc warriors
  2 black bears
  3 centaurs
  A wolf (D:9)
  2 ogres
  A phantom (D:5)
  2 kobold brigands (D:9)
  2 bullfrogs
  7 scorpions
  5 wights
  3 jellies
  7 howler monkeys (D:9)
  2 bombardier beetles
  7 centaur zombies (Ossuary)
  5 hounds
  6 orc priests
  2 gnoll boudas
  Crazy Yiuf (D:2)
  A sleepcap (D:7)
  Jessica (D:2)
  3 iguanas
  Natasha (thrice) (D:2)
  5 orc wizards
  4 crocodile zombies (Ossuary)
  2 mummies (Ossuary)
  11 gnolls
  7 adders
  A shadow imp (D:6)
  2 white imps
  2 ufetubi (D:6)
  2 dart slugs (D:4)
  2 ribbon worms (D:3)
  22 orcs
  9 bats
  7 endoplasms
  20 goblins
  13 hobgoblins
  9 jackals
  5 quokkas
  4 ball pythons
  2 frilled lizards (D:1)
  28 kobolds
  A kobold zombie (Ossuary)
  7 rats
256 creatures vanquished.

Notes
Turn   | Place    | Note
-------+----------+-------------------------------------------
     0 | D:1      | jagang the Human Monk began the quest for the Orb.
     0 | D:1      | Reached XP level 1. HP: 18/18 MP: 1/1
   185 | D:1      | Reached XP level 2. HP: 24/24 MP: 2/2
   275 | D:1      | Reached skill level 1 in Armour
   558 | D:1      | Reached XP level 3. HP: 29/29 MP: 3/3
  1370 | D:2      | Noticed Jessica
  1374 | D:2      | Killed Jessica
  1375 | D:2      | Reached XP level 4. HP: 35/35 MP: 4/4
  1378 | D:2      | Reached skill level 4 in Long Blades
  1443 | D:2      | Found a runed translucent door.
  1443 | D:2      | Noticed Natasha
  1444 | D:2      | Noticed Crazy Yiuf
  1450 | D:2      | Killed Natasha
  1451 | D:2      | Reached skill level 1 in Throwing
  1451 | D:2      | Killed Crazy Yiuf
  1452 | D:2      | Reached XP level 5. HP: 26/42 MP: 5/5
  1589 | D:2      | Noticed Natasha
  1594 | D:2      | Killed Natasha
  1695 | D:2      | Noticed Natasha
  1704 | D:2      | Killed Natasha
  2235 | D:3      | Reached XP level 6. HP: 48/48 MP: 6/6
  2329 | D:3      | Found a faded altar of an unknown god.
  2486 | D:3      | Prayed at the altar of an unknown god.
  2486 | D:3      | Became a worshipper of Warmaster Okawaru
  2486 | D:3      | Reached * piety under Okawaru
  2486 | D:3      | Reached ** piety under Okawaru
  2587 | D:4      | HP: 2/48 [acid (7)]
  2808 | D:4      | Reached skill level 5 in Long Blades
  2859 | D:4      | Found a sacrificial altar of Ru.
  3307 | D:4      | Noticed Pikel
  3323 | D:4      | Killed Pikel
  3323 | D:4      | Reached *** piety under Okawaru
  3323 | D:4      | Reached **** piety under Okawaru
  3324 | D:4      | Reached skill level 6 in Long Blades
  3324 | D:4      | Reached XP level 7. HP: 25/55 MP: 7/7
  3457 | D:4      | Found a hazy altar of Hepliaklqana.
  3737 | D:5      | Entered Level 5 of the Dungeon
  3737 | D:5      | Found a runed translucent door.
  3738 | D:5      | Noticed seawaffle's ghost (novice TrSh)
  3745 | D:5      | Reached XP level 8. HP: 61/61 MP: 8/8
  3794 | D:5      | Reached skill level 5 in Fighting
  3946 | D:5      | Reached skill level 7 in Long Blades
  3957 | D:4      | HP: 1/62 [iguana (6)]
  4857 | D:5      | Identified the +3 robe of the Skies Above {Rampage rPois
                  | Dex+5}
  5010 | D:6      | Identified a scroll of acquirement
  5011 | D:6      | Acquired a manual of Long Blades
  5097 | D:6      | Found a staircase to the Ecumenical Temple.
  5183 | D:6      | Reached skill level 8 in Long Blades
  5183 | D:6      | Reached XP level 9. HP: 23/69 MP: 9/9
  5250 | D:6      | Reached skill level 5 in Armour
  5279 | D:6      | Reached ***** piety under Okawaru
  5413 | D:6      | Reached skill level 9 in Long Blades
  5413 | D:6      | Reached skill level 5 in Throwing
  5502 | D:6      | Found a sand-covered staircase.
  5511 | Ossuary  | Entered an ossuary
  5636 | Ossuary  | HP: 2/70 [crocodile zombie (6)]
  5931 | D:6      | Found Taipsui's Antique Weapon Emporium.
  5958 | D:6      | Bought a bloodstained rapier for 225 gold pieces
  5958 | D:6      | Identified the +11 rapier of the Ageless Blessings {flame,
                  | SInv} (You bought it in a shop on level 6 of the Dungeon)
  6415 | D:7      | Reached skill level 10 in Long Blades
  6431 | D:7      | Reached skill level 1 in Invocations
  7036 | D:7      | Reached XP level 10. HP: 60/77 MP: 11/11
  7169 | D:7      | Found a shimmering blue altar of Sif Muna.
  7278 | D:7      | Reached skill level 11 in Long Blades
  7395 | D:7      | Received a gift from Okawaru
  7510 | D:7      | Found an ornate altar of the Wu Jian Council.
  7908 | D:8      | Found a flagged portal.
  7937 | Bailey   | Entered a bailey
  7942 | Bailey   | Noticed an orc warlord
  8169 | Bailey   | Found a runed translucent gate.
  8171 | Bailey   | Found a runed translucent gate.
  8174 | Bailey   | Found a runed translucent gate.
  8175 | Bailey   | Noticed an orc knight
  8189 | Bailey   | Killed an orc knight
  8318 | Bailey   | Killed an orc warlord
  8319 | Bailey   | Reached skill level 12 in Long Blades
  8479 | D:8      | Reached skill level 16 in Long Blades
  8479 | D:8      | Reached XP level 11. HP: 74/89 MP: 14/14
  8560 | D:8      | Noticed Maggie
  8574 | D:8      | Killed Maggie
  8823 | D:8      | Found a runed translucent gate.
  8823 | D:8      | Found a runed translucent gate.
  8823 | D:8      | Found a runed translucent gate.
  8827 | D:8      | Found a viscous altar of Jiyva.
  8827 | D:8      | Noticed tymior's ghost (journeyman MiFi)
  8867 | D:8      | Received a gift from Okawaru
  9219 | D:9      | Found a staircase to the Orcish Mines.
  9279 | D:9      | Found a staircase to the Lair.
  9788 | D:9      | Found a shadowy altar of Dithmenos.
  9788 | D:9      | Found a radiant altar of Vehumet.
  9788 | D:9      | Found a sparkling altar of Nemelex Xobeh.
  9833 | D:9      | Noticed Maurice
  9845 | D:9      | Killed Maurice
  9846 | D:9      | Reached XP level 12. HP: 79/97 MP: 15/15
  9975 | D:9      | Found a hide-covered altar of Uskayaw.
 10036 | D:9      | Reached skill level 5 in Invocations
 10159 | Orc:1    | Entered Level 1 of the Orcish Mines
 10394 | D:9      | Slain by an orc warrior

Illustrated notes

Levels and vault maps discovered:
D:1:      erik_arrival_orb_chamber, layout_basic
D:2:      layout_loops_ring, amcnicky_mini_corridor_feature,
          minmay_tiny_reverse_x, uniq_jessica, uniq_crazy_yiuf_cottage,
          uniq_natasha
D:3:      kennysheep_big_flooded_room, layout_loops_ring,
          hellmonk_ecumenical_altar_inner_sanctum, chequers_decorated_corner
D:4:      layout_gridville, mainiacjoe_overflow_cross_hatched,
          mainiacjoe_overflow_alcove_1, kennysheep_crisscross,
          chequers_serial_rivers_large_a, uniq_pikel
D:5:      cheibrodos_quashed, layout_rooms, cheibrodos_sewer_entry_sluice,
          ebering_ghost_sewer_d
D:6:      old_forge, layout_loops_ring, minmay_temple_entry_junction,
          serial_shops, shop, enter_ossuary_3
D:7:      layout_basic, nzn_wu_jian_contemplation, nicolae_sif_muna_condensation
D:8:      layout_rooms, enter_bailey_5, gammafunk_ghost_ooze,
          hangedman_abyss_or_decor_clamps, uniq_maggie
D:9:      layout_roguey, grunt_temple_overflow_cloverleaf, lair_entry_dummy,
          serial_ice, serial_ice_a, serial_ice_g, serial_ice_m, serial_ice_h,
          uniq_maurice
Orc:1:    layout_caves, library_closet, hangedman_minor_magic, uniq_josephine

Skill      XL: |  1  2  3  4  5  6  7  8  9 10 11 12 |
---------------+-------------------------------------+-----
Armour         | 1 2 3 4 6 7 |  7.4
Long Blades    | 4 6 8 10 16 | 16.5
Throwing       | 1 3 4 5 |  5.3
Fighting       | 4 5 6 9 |  9.8
Invocations    | 2 4 5 |  5.1
Dodging        | |  3.0

Action                     |  1- 3 |  4- 6 |  7- 9 | 10-12 || total
---------------------------+-------+-------+-------+-------++-------
  Melee: Whip              |    43 |   123 |   293 |       ||   459
         Falchion          |     1 |       |       |       ||     1
         Rapier            |       |       |    51 |   212 ||   263
  Throw: Javelin           |       |     4 |       |     4 ||     8
         Boomerang         |       |       |       |    53 ||    53
         Dart              |       |       |       |     9 ||     9
         Throwing net      |       |       |       |     1 ||     1
 Invoke: Heroism           |       |     1 |     3 |     1 ||     5
         Finesse           |       |       |       |     1 ||     1
    Use: Scroll            |       |     4 |     4 |     2 ||    10
         Potion            |       |       |     4 |     2 ||     6
   Stab: Held in net/web   |       |       |     1 |     1 ||     2
 Armour: Ring mail         |    12 |    17 |       |       ||    29
         Chain mail        |       |    54 |    33 |       ||    87
         Plate armour      |       |       |   710 |   148 ||   858
  Dodge: Dodged            |    20 |    52 |   171 |    56 ||   299
